 Dungeon Crawl Stone Soup version 0.31-a0-188-g5e087ee2ca (webtiles) character file.

Game seed: 13787232925373829006

53 qw the Shooter (level 3, -5/20 HPs)
             Began as a Deep Elf Hunter on June 23, 2023.
             Slain by a goblin
             ... wielding a +2 dagger of venom
             ... led by Robin
              (7 damage)
             ... on level 3 of the Dungeon.
             The game lasted 00:00:29 (1485 turns).

qw the Shooter (Deep Elf Hunter)                    Turns: 1485, Time: 00:00:30

Health: -5/20      AC:  8    Str: 10    XL:     3   Next: 62%
Magic:  5/5        EV: 11    Int: 13    God:
Gold:   52         SH:  0    Dex: 18    Spells: 2/2 levels left

rFire   + . .        Y - +0 shortbow (drain)
rCold   + + .        (shield currently unavailable)
rNeg    . . .        n - +0 ring mail
rPois   +            a - +1 helmet "Dud Jown" {*Slow rPois rF+ rC++}
rElec   .            q - +0 cloak
rCorr   .            (no gloves)
SInv    .            (no boots)
Will    .....        (no amulet)
Stlth   +            (no ring)
HPRegen 0.23/turn    (no ring)
MPRegen 0.09/turn

%: slow self (1%)
@: about to teleport
A: no striking features
a: no special abilities


You were on level 3 of the Dungeon.
You visited 1 branch of the dungeon, and saw 3 of its levels.

You collected 117 gold pieces.
You spent 65 gold pieces at shops.


   Skills:
 - Level 1.5 Fighting
 + Level 7.1 Ranged Weapons
 - Level 2.4 Dodging
 - Level 1.2 Stealth


You had 2 spell levels left.
You didn't know any spells.
Your spell library was empty.

Inventory:

Hand Weapons
 Y - a +0 shortbow of draining (weapon)
Armour
 a - the +1 helmet "Dud Jown" (worn) {*Slow rPois rF+ rC++}
   (You acquired it on level 1 of the Dungeon)

   rF:        It protects you from fire.
   rC:        It greatly protects you from cold.
   rPois:     It protects you from poison.
   *Slow:     It may slow you when you take damage.
 n - a +0 ring mail (worn)
 q - a +0 cloak (worn)
Scrolls
 g - a scroll of identify
Potions
 e - a potion of berserk rage {unknown}
 f - a potion of enlightenment
 h - a potion of haste
 k - a potion of might
 l - a potion of curing {unknown}
 p - a potion of ambrosia {unknown}
 r - a potion of brilliance {unknown}

Dungeon Overview and Level Annotations

Branches:
Dungeon (3/15)

Altars:
Hepliaklqana

Shops:
D:1 ??

Annotations:
D:3 Robin


Message History

The goblin shoots a sling bullet.
The sling bullet misses you.
A goblin comes into view. It is wielding a +0 dagger.
You shoot an arrow.
The arrow completely misses the hobgoblin.
The arrow closely misses the goblin.
The arrow hits the frilled lizard.
You drain the frilled lizard.
You kill the frilled lizard!
Robin of the Strong Arm comes into view.
They are wielding a +0 club.
You shoot an arrow. The arrow hits the hobgoblin!
You kill the hobgoblin!
You shoot an arrow. The arrow misses the goblin.
The arrow hits the goblin.
You drain the goblin.
You kill the goblin!
The goblin hits you but does no damage.
You shoot an arrow. The arrow barely misses the goblin.
The arrow hits the goblin.
You drain the goblin.
You kill the goblin!
The hobgoblin hits you but does no damage.
Robin roars a battlecry!
The goblins go into a battle-frenzy!
The goblin barely misses you.
You shoot an arrow. The arrow hits the goblin.
You kill the goblin!
The goblin hits you with a +0 dagger.
The goblin hits you with a +2 dagger of venom.
The hobgoblin hits you.
You shoot an arrow. The arrow barely misses the goblin.
The arrow hits the hobgoblin but does no damage.
You drain the hobgoblin.
The hobgoblin is moderately wounded.
The goblin hits you with a +0 club. The goblin hits you with a +0 dagger.
The goblin hits you with a +2 dagger of venom.
The hobgoblin closely misses you.
Robin says, "Duck!"
1485 ||| READING scroll of teleportation.
As you read the scroll of teleportation, it crumbles to dust.
You feel strangely unstable. The goblin closely misses you.
The goblin hits you with a +0 dagger.
The goblin hits you with a +2 dagger of venom!
You die...

#........ #........
##.....).. #.........
... #.g..).. ...
##..g..# ...
#.ggg..#### #.#####
####..@g.#..... #......
#...............#......
#.##.####.......#......
#.##.# #.........<.....
#.##.###...............
#)##......%7777777.....
#.##..##...............
#......#...7.777.7.###.
##.........7.....7.#


You could see Robin, 2 hobgoblins and 3 goblins.

Vanquished Creatures
  A worm (D:2)
  2 ball pythons (D:2)
  4 bats
  3 endoplasms
  A giant cockroach (D:1)
  4 hobgoblins
  8 jackals (D:1)
  4 kobolds
  A quokka (D:1)
  A frilled lizard (D:3)
  8 goblins
  6 rats
43 creatures vanquished.

Notes
Turn   | Place    | Note
-------+----------+-------------------------------------------
     0 | D:1      | qw the Deep Elf Hunter began the quest for the Orb.
     0 | D:1      | Reached XP level 1. HP: 12/12 MP: 3/3
     0 | D:1      | 0 ||| qw: Version: 0.3-a-9-g12657ce
     0 | D:1      | 0 ||| qw: Game counter: 3379
     0 | D:1      | 0 ||| qw: Always use a shield: true
     0 | D:1      | 0 ||| qw: God list: Okawaru
     0 | D:1      | 0 ||| qw: Allow faded altars: false
     0 | D:1      | 0 ||| qw: Do Orc after D:15 true
     0 | D:1      | 0 ||| qw: Do second Lair branch before Depths: true
     0 | D:1      | 0 ||| qw: Lair rune preference: random
     0 | D:1      | 0 ||| qw: Plans: Normal
     0 | D:1      | 0 ||| PLANNING D:1-11
   123 | D:1      | Reached skill level 6 in Ranged Weapons
   123 | D:1      | Reached XP level 2. HP: 16/16 MP: 4/4
   142 | D:1      | Found Vysoriw's Magic Scroll Shop.
   153 | D:1      | 153 ||| SHOPLISTING 3 scrolls of teleportation (117 gold,
                  | have 29).
   153 | D:1      | 153 ||| BUYING scroll of identify (26 gold).
   153 | D:1      | Bought a scroll of identify for 26 gold pieces
   153 | D:1      | 153 ||| SHOPLISTING scroll of identify (26 gold, have 3).
   153 | D:1      | 153 ||| SHOPLISTING scroll of teleportation (39 gold, have
                  | 3).
   450 | D:1      | Found The Oracle's Delphic Readings.
   454 | D:1      | 454 ||| SHOPLISTING scroll of enchant armour (97 gold, have
                  | 48).
   454 | D:1      | 454 ||| BUYING scroll of teleportation (39 gold).
   454 | D:1      | Bought a scroll of teleportation for 39 gold pieces
   454 | D:1      | 454 ||| SHOPLISTING scroll of teleportation (39 gold, have
                  | 9).
   789 | D:1      | 789 ||| READING scroll labelled LAAPRE SEAP.
   789 | D:1      | Identified a scroll of acquirement
   789 | D:1      | 789 ||| ACQUIRING +1 helmet "Dud Jown" {*Slow rPois rF+
                  | rC++}
   789 | D:1      | Acquired the +1 helmet "Dud Jown" {*Slow rPois rF+ rC++}
   791 | D:1      | 791 ||| UPGRADING to +1 helmet "Dud Jown" {*Slow rPois rF+
                  | rC++}.
   796 | D:1      | 796 ||| READING scroll labelled MUCUGR SA TEATH.
   797 | D:1      | 797 ||| DRINKING 2 gluggy blue potions.
   798 | D:1      | 798 ||| READING 2 scrolls of identify.
   798 | D:1      | 798 ||| IDENTIFYING blue potion
   799 | D:1      | 799 ||| DROPPING scroll of butterflies.
   866 | D:2      | Reached XP level 3. HP: 20/20 MP: 5/5
  1228 | D:2      | Found a faded altar of an unknown god.
  1398 | D:2      | 1398 ||| UPGRADING to +0 ring mail.
  1408 | D:2      | 1408 ||| DROPPING +0 leather armour.
  1409 | D:2      | 1409 ||| UPGRADING to +0 cloak.
  1414 | D:2      | 1414 ||| READING scroll labelled UPLODWA FUMITICW.
  1415 | D:2      | 1415 ||| READING scroll labelled YTZIWA BOWUHUH.
  1416 | D:2      | 1416 ||| READING scroll labelled ZORRATT NIOZ.
  1417 | D:2      | 1417 ||| READING scroll labelled AKESUTHESY.
  1418 | D:2      | 1418 ||| READING scroll labelled YHEAFINAIRCH.
  1419 | D:2      | 1419 ||| DRINKING 2 purple potions.
  1433 | D:3      | Found a hazy altar of Hepliaklqana.
  1450 | D:3      | Reached skill level 7 in Ranged Weapons
  1479 | D:3      | Noticed Robin
  1484 | D:3      | HP: 3/20 [goblin/+2 dagger of venom[Robin] (3)]
  1485 | D:3      | 1485 ||| READING scroll of teleportation.
  1485 | D:3      | Slain by a goblin

Levels and vault maps discovered:
D:1:      minmay_arrival_hallway, layout_basic, serial_curves, eino_curves_03,
          eino_curves_04, serial_shops, shop_fountains,
          minmay_misc_feat_more_columns, nicolae_nh_oracle_at_delphi
D:2:      layout_loops_ring, dreamdust_ecumenical_altar_angels_and_demons,
          minivault_14
D:3:      kennysheep_the_goblin_king, layout_basic,
          nicolae_overflow_crystal_walls, lemuel_coloured_pillars_altar,
          mainiacjoe_overflow_cross_hatched, uniq_jessica, uniq_robin

Skill      XL: |  1  2  3 |
---------------+----------+-----
Ranged Weapons | 6 7 |  7.1
Fighting       | |  1.5
Dodging        | |  2.4
Stealth        | |  1.2

Action                     || total
---------------------------++-------
   Fire: Shortbow          ||    85
    Use: Scroll            ||     9
         Potion            ||     2
 Armour: Leather armour    ||     5
         Ring mail         ||     3
  Dodge: Dodged            ||    15

Table legend:
 A = Non-vault XP
 B = Vault XP
 C = Vault XP percentage of total XP
 D = Non-vault monster count
 E = Vault monster count
 F = Vault count percentage of total count
                 A         B        C        D         E       F
            +---------+---------+-------+---------+---------+-------
      Total |      62 |      14 |  18.4 |      36 |       7 |  16.3
            +---------+---------+-------+---------+---------+-------
        D:1 |      34 |       4 |  10.5 |      19 |       2 |   9.5
        D:2 |      21 |       0 |   0.0 |      11 |       0 |   0.0
        D:3 |       7 |      10 |  58.8 |       6 |       5 |  45.5
            +---------+---------+-------+---------+---------+-------
